 Dungeon Crawl Stone Soup version 0.18-a0-822-gb52b7b4 (webtiles) character file.

2709 Raultor the Transmogrifier (level 9, 0/71 HPs)
             Began as a Pale Draconian Transmuter on Dec 16, 2015.
             Was a Believer of the Shining One.
             Slain by a black bear (3 damage)
             ... on level 8 of the Dungeon.
             The game lasted 00:34:35 (9344 turns).

Raultor the Transmogrifier (DrTm)                   Turns: 9344, Time: 00:34:35

Health: 0/71       AC:  9    Str: 18    XL:     9   Next: 39%
Magic:  6/12       EV: 14    Int: 14    God:    the Shining One [**....]
Gold:   332        SH:  4    Dex: 18    Spells: 3 memorised, 2 levels left

rFire  . . .     SeeInvis .       - Unarmed
rCold  . . .     Gourm    .     (armour unavailable)
rNeg   + . .     Faith    .     (shield currently unavailable)
rPois  .         Spirit   .     I - +2 hat
rElec  .         Dismiss  .     (no cloak)
rCorr  .         Reflect  +     (gloves currently unavailable)
SustAt .         Harm     .     (no boots)
MR     .....                    M - +4 amulet of reflection
Stlth  +.........               n - +3 ring of dexterity
                                i - +6 ring of strength

@: blade hands, glowing, not resistant to hostile enchantments, very unstealthy
A: breathe steam, unfitting armour, mutation resistance 1, cold-blooded, AC +7
a: Breathe Steam, End Transformation, Divine Shield, Renounce Religion


You were on level 8 of the Dungeon.
You worshipped the Shining One.
The Shining One was pleased with you.
You were hungry.
You had blades for hands.
You visited 2 branches of the dungeon, and saw 10 of its levels.

You collected 332 gold pieces.

Inventory:

Missiles
 a - 116 arrows
 r - 18 arrows of flame
 C - 2 curare-tipped needles
 J - 19 arrows of dispersal {=f}
Armour
 I - a +2 hat (worn)
   (You found it on level 6 of the Dungeon)
Magical Staves
 K - an uncursed staff of poison {unknown}
   (You found it on level 7 of the Dungeon)
Jewellery
 f - an uncursed ring of magical power {MP+9}
   (You found it on level 4 of the Dungeon)
 i - a +6 ring of strength (left scythe-like blade)
   (You found it on level 6 of the Dungeon)
 n - a +3 ring of dexterity (right scythe-like blade)
   (You took it off a kobold on level 3 of the Dungeon)
 y - a +2 ring of dexterity
   (You found it on level 5 of the Dungeon)
 E - an uncursed ring of flight {+Fly, !d}
   (You found it on level 5 of the Dungeon)
 F - an uncursed ring of teleportation {+/*tele, !d}
   (You found it on level 5 of the Dungeon)
 M - a +4 amulet of reflection (around neck)
   (You found it on level 7 of the Dungeon)
Wands
 P - a wand of lightning (11)
   (You found it on level 7 of the Dungeon)
Scrolls
 d - 4 scrolls of teleportation
 g - 10 scrolls of identify
 l - 2 scrolls of immolation {!r}
 m - 3 scrolls of magic mapping {unknown}
 u - a scroll of blinking {unknown}
 x - a scroll of enchant weapon {unknown}
 A - a scroll of random uselessness {unknown}
 G - a scroll of remove curse
 L - 3 scrolls of recharging {unknown}
Potions
 e - 2 potions of agility {unknown}
 h - a potion of degeneration {unknown}
 j - 2 potions of brilliance {unknown}
 p - 5 potions of cancellation {unknown}
 q - a potion of invisibility {unknown}
 v - 3 potions of ambrosia {!q}
 w - 3 potions of curing
 z - a potion of lignification {unknown}
 B - 2 potions of resistance {unknown}
 H - a potion of might
Books
 b - a book of Changes
 s - a book of the Tempests
   (You found it on level 4 of the Dungeon)
 O - a book of Alchemy
   (You found it on level 7 of the Dungeon)
Comestibles
 c - 4 bread rations {@e1}
 o - 4 fruits
 t - 2 meat rations {@e2}
 D - 3 beef jerkies
 N - a slice of pizza


   Skills:
 + Level 3.9 Fighting
 + Level 3.5 Dodging
 * Level 5.6 Unarmed Combat
 - Level 2.0 Spellcasting
 * Level 10.0 Transmutations
 - Level 4.6 Ice Magic


You had 2 spell levels left.
You knew the following spells:

 Your Spells              Type           Power        Failure   Level  Hunger
a - Beastly Appendage     Trmt           ####..       12%         1    ##.....
b - Ice Form              Ice/Trmt       ###.....     54%         4    #####..
x - Blade Hands           Trmt           ####......   50%         5    ######.


Dungeon Overview and Level Annotations

Branches:
Dungeon (9/15)             Temple (1/1) D:4            Lair (0/8) D:8
    Orc: D:9-12

Altars:
Ashenzari
Dithmenos
Elyvilon
Fedhas
Gozag
Makhleb
Nemelex Xobeh
Okawaru
Qazlal
Ru
Sif Muna
Vehumet
Xom
Yredelemnul
Zin
The Shining One

Shops:
D:4 :

Annotations:
D:2 exclusion: Crazy Yiuf, Crazy Yiuf
D:4 deanyohobro's ghost, novice DrBe


Innate Abilities, Weirdness & Mutations

You can breathe blasts of scalding, opaque steam.
Your pale cyan-grey scales are hard (AC +7).
Your body does not fit into most forms of armour.
You are cold-blooded and may be slowed by cold attacks.
You are somewhat resistant to further mutation.


Message History

a - 114 arrows (gained 1)
a - 115 arrows (gained 1)
a - 116 arrows (gained 1)
You now have 318 gold pieces (gained 10).
Found a stone staircase leading down.
You regained 3 mp, and now have 11/12 mp.
You now have 332 gold pieces (gained 14).
A troll comes into view.
The troll shouts!
MP restored: 12 A quasit comes into view.
An orc comes into view. It is wielding a short sword of venom.
The quasit gives a chilling moan.
The orc shouts!
An orc and an orc priest come into view.
You hear a distant blaring wail to the north.
Your hands turn into razor-sharp scythe blades.
You now have 7/12 mp.
You slice the troll!! You tail-slap the troll. The troll bites you!
The troll closely misses you. x2
You take 9 damage, and have 61/70 hp.
You hit the troll.
Your tail-slap misses the troll.
The troll bites you! The troll barely misses you.
The troll completely misses you.
You take 15 damage, and have 46/70 hp.
MASSIVE DAMAGE!!
You slice the troll!!
You kill the troll!
Aim: an orc priest, wielding a hand axe (hasn't noticed you) Really fire at the helpless orc priest?
This attack would place you under penance!
Okay, then.
The orc priest shouts!
You slice the quasit!!
You kill the quasit!
The Shining One accepts your kill.
Aim: an orc priest, wielding a hand axe You exhale a blast of scalding steam.
The ball of steam hits the orc.
You feel slightly more hungry.
The orc is engulfed in a cloud of scalding steam.
You kill the orc!
An orc warrior comes into view. It is wielding a scimitar.
An orc comes into view. It is wielding a dagger.
Your transformation is almost over.
The orc warrior shouts!
The orc shouts!
The orc shouts!
Things that are here:
a short sword of venom; a chain mail; a troll corpse You slice the orc priest!!
You kill the orc priest!
The Shining One accepts your kill.
You feel better.
You feel your power returning.
You have got your breath back.
You slice the orc!!
You kill the orc!
A black bear comes into view.
The black bear growls angrily.
You slash the orc!
You kill the orc!
You hit the orc warrior but do no damage.
The orc warrior hits you with a scimitar!!
You take 18 damage, and have 32/71 hp.
MASSIVE DAMAGE!!
You hit the orc warrior but do no damage.
You tail-slap the orc warrior, but do no damage.
The orc warrior misses you.
You hit the orc warrior but do no damage.
Your tail-slap misses the orc warrior.
Your hands revert to their normal proportions.
Your hands turn into razor-sharp scythe blades.
You are feeling hungry.
The orc warrior hits you with a scimitar!!
* * * LOW HITPOINT WARNING * * *
You take 27 damage, and have 6/71 hp.
MASSIVE DAMAGE!!
You now have 5/12 mp.
Drink which item? (? for menu, Esc to quit)
You feel much better. The orc warrior closely misses you.
You regained 19 hp, and now have 25/71 hp.
You slash the orc warrior!
Your tail-slap misses the orc warrior.
The orc warrior hits you with a scimitar!!
* * * LOW HITPOINT WARNING * * *
You take 19 damage, and have 6/71 hp.
MASSIVE DAMAGE!!
You slice the orc warrior!!
Your tail-slap misses the orc warrior.
The orc warrior closely misses you.
You hit the orc warrior but do no damage.
Drink which item? (? for menu, Esc to quit)
Okay, then.
Drink which item? (? for menu, Esc to quit)
Okay, then.
You barely miss the orc warrior. You block the orc warrior's attack.
You slash the orc warrior!
You kill the orc warrior!
Your Transmutations skill increases to level 10!
You hit the black bear.
The black bear bites you but does no damage.
The black bear claws you.
* * * LOW HITPOINT WARNING * * *
You block the black bear's attack.
You take 4 damage, and have 3/71 hp.
You hit the black bear but do no damage.
The black bear misses you. The black bear claws you.
You die...

#. .(. ... # .
#......## .##
#...#..P ..#
#..#..P #.#.#
#..#... #.#.#
####....## #.#.#
##........#
#@#.####..###..#..
#h#....#....#...##
#)#..........#....
#..........>......
#.......#######...
####......## ##..
##........## ##.
#........## ##


You could see a black bear.

Vanquished Creatures
  A troll (D:8)
  Prince Ribbit (D:5)
  A hungry ghost (D:7)
  2 orc warriors
  A sky beast (D:6)
  Purgy (D:3)
  3 ogres
  A black bear (D:8)
  A wasp (D:9)
  2 centaurs
  5 killer bees (D:7)
  A giant frog skeleton (D:6)
  A hound (D:8)
  An orc priest (D:8)
  A quasit (D:8)
  5 crimson imps
  An orc wizard (D:5)
  6 worker ants
  An iguana (D:5)
  A killer bee zombie (D:6)
  2 hound zombies (D:5)
  2 hound skeletons
  2 worker ant zombies (D:6)
  A river rat (D:4)
  19 adders
  A shadow imp (D:5)
  2 oozes (D:4)
  3 adder zombies
  A worm (D:2)
  An adder skeleton (D:4)
  8 giant geckos
  22 orcs
  9 giant cockroaches
  12 hobgoblins
  2 jackals (D:6)
  11 kobolds
  2 quokkas
  5 ball pythons
  6 bats
  2 giant gecko skeletons
  A giant gecko zombie (D:3)
  8 giant newts
  5 goblins
  2 jackal skeletons (D:5)
  A jackal zombie (D:3)
  3 quokka skeletons
  9 rats
179 creatures vanquished.

Notes
Turn   | Place    | Note
--------------------------------------------------------------
     0 | D:1      | Raultor the Draconian Transmuter began the quest for the Orb.
     0 | D:1      | Reached XP level 1. HP: 16/16 MP: 3/3
    12 | D:1      | HP: 4/16 [hobgoblin (3)]
   306 | D:1      | Reached XP level 2. HP: 20/23 MP: 5/5
   623 | D:1      | Reached skill level 3 in Transmutations
  1288 | D:1      | Reached XP level 3. HP: 28/28 MP: 6/6
  1632 | D:2      | Reached skill level 4 in Transmutations
  1641 | D:2      | HP: 7/28 [poisoned by an adder]
  1648 | D:2      | HP: 5/28 [poisoned by an adder]
  1918 | D:2      | Reached XP level 4. HP: 33/35 MP: 5/7
  2089 | D:2      | Learned a level 4 spell: Ice Form
  2165 | D:2      | Noticed Crazy Yiuf
  2431 | D:2      | Reached skill level 1 in Ice Magic
  2920 | D:2      | Reached skill level 5 in Transmutations
  2979 | D:2      | Reached XP level 5. HP: 36/40 MP: 6/8
  2992 | D:2      | Found a sacrificial altar of Ru.
  3136 | D:2      | Found a blossoming altar of Fedhas.
  3137 | D:2      | Found a deep blue altar of Sif Muna.
  3137 | D:2      | Found a shattered altar of Ashenzari.
  3667 | D:3      | Noticed a centaur
  3682 | D:3      | Killed a centaur
  3682 | D:3      | Reached skill level 2 in Ice Magic
  4075 | D:3      | Found a faded altar to an unknown god.
  4351 | D:3      | Reached XP level 6. HP: 21/47 MP: 9/9
  4663 | D:3      | Noticed Purgy
  4665 | D:3      | Gained mutation: You are somewhat resistant to further mutation. [potion of mutation]
  4781 | D:3      | Killed Purgy
  4781 | D:3      | Reached skill level 6 in Transmutations
  5060 | D:4      | Found a staircase to the Ecumenical Temple.
  5068 | Temple   | Entered the Ecumenical Temple
  5134 | Temple   | Became a worshipper of the Shining One
  5317 | D:4      | Reached skill level 3 in Ice Magic
  5458 | D:4      | Found Olehieq's Book Shop.
  5573 | D:4      | HP: 11/47 [poisoned by a worker ant]
  5573 | D:4      | HP: 4/47 [worker ant (7)]
  5576 | D:4      | Your scales start taking on a pale cyan-grey colour.
  5576 | D:4      | Reached XP level 7. HP: 33/52 MP: 10/10
  5717 | D:4      | Reached skill level 7 in Transmutations
  6299 | D:4      | Noticed deanyohobro's ghost (novice DrBe)
  6419 | D:5      | Entered Level 5 of the Dungeon
  6457 | D:5      | Found a sparkling altar of Nemelex Xobeh.
  6574 | D:5      | Noticed Prince Ribbit
  6574 | D:5      | Reached * piety under the Shining One
  6585 | D:5      | Killed Prince Ribbit
  6585 | D:5      | Reached skill level 4 in Ice Magic
  6820 | D:5      | Reached skill level 8 in Transmutations
  6874 | D:5      | Found a shimmering altar of Xom.
  6875 | D:5      | Found a shimmering altar of Xom.
  6879 | D:5      | Found a shimmering altar of Xom.
  6879 | D:5      | Found a shimmering altar of Xom.
  6879 | D:5      | Found a shimmering altar of Xom.
  6879 | D:5      | Found a shimmering altar of Xom.
  7167 | D:5      | Found a white marble altar of Elyvilon.
  7524 | D:6      | Reached XP level 8. HP: 59/59 MP: 6/11
  7538 | D:6      | Found an iron altar of Okawaru.
  7655 | D:6      | Learned a level 5 spell: Blade Hands
  7845 | D:6      | Reached ** piety under the Shining One
  7845 | D:6      | Reached skill level 2 in Dodging
  8211 | D:6      | You fall through a shaft for 3 floors!
  8215 | D:9      | Reached skill level 2 in Fighting
  8215 | D:9      | Reached skill level 9 in Transmutations
  8334 | D:6      | Reached skill level 4 in Unarmed Combat
  8715 | D:7      | Reached skill level 3 in Fighting
  8754 | D:7      | Reached skill level 3 in Dodging
  8754 | D:7      | Reached XP level 9. HP: 70/70 MP: 4/12
  9243 | D:8      | Found a staircase to the Lair.
  9259 | D:8      | Reached skill level 5 in Unarmed Combat
  9336 | D:8      | HP: 6/71 [orc warrior/scimitar (27)]
  9342 | D:8      | Reached skill level 10 in Transmutations
  9343 | D:8      | HP: 3/71 [black bear (4)]
  9344 | D:8      | Slain by a black bear

Vault maps used:
D:1:      minmay_arrival_glassed_features
D:2:      minitemple, nicolae_ru_path_of_blood, minmay_snake_closets,
          uniq_crazy_yiuf_cottage
D:3:      serial_undead, serial_undead_a, serial_undead_a, serial_undead_d,
          serial_undead_b, ecumenical_altar_1, uniq_purgy
D:4:      minmay_temple_entry_large_hall, first_bread, serial_shops, shop,
          gup_sewer_entry_bubbles, glass_columns_a
D:5:      elyvilon_altar_5, xom_redecorated, lemuel_doored_altar,
          hangedman_decor_growths, uniq_prince_ribbit1
D:6:      okawaru_trees_1
D:8:      slow_altar_1, tgw_trog, kennysheep_mini, dpeg_oklobed_lair,
          special_room
D:9:      kennysheep_little_box
Temple:   hc_temple_tempest_star

Action                   |  1- 3 |  4- 6 |  7- 9 || total
-------------------------+-------+-------+-------++-------
Melee: Unarmed           |   151 |   354 |   396 ||   901
 Cast: Beastly Appendage |     8 |    11 |     5 ||    24
       Ice Form          |       |       |     5 ||     5
       Blade Hands       |       |       |     6 ||     6
 Abil: Breathe Steam     |       |       |    13 ||    13
  Use: Potion            |       |     7 |     1 ||     8
       Scroll            |       |       |     5 ||     5
 Stab: Sleeping          |       |     2 |     1 ||     3
       Distracted        |       |       |     1 ||     1
  Eat: Chunk             |     3 |    13 |    18 ||    34

Vault maps used:
D:1:      minmay_arrival_glassed_features
D:2:      minitemple, nicolae_ru_path_of_blood, minmay_snake_closets,
          uniq_crazy_yiuf_cottage
D:3:      serial_undead, serial_undead_a, serial_undead_a, serial_undead_d,
          serial_undead_b, ecumenical_altar_1, uniq_purgy
D:4:      minmay_temple_entry_large_hall, first_bread, serial_shops, shop,
          gup_sewer_entry_bubbles, glass_columns_a
D:5:      elyvilon_altar_5, xom_redecorated, lemuel_doored_altar,
          hangedman_decor_growths, uniq_prince_ribbit1
D:6:      okawaru_trees_1
D:8:      slow_altar_1, tgw_trog, kennysheep_mini, dpeg_oklobed_lair,
          special_room
D:9:      kennysheep_little_box
Temple:   hc_temple_tempest_star

Table legend:
 A = Turns spent in this place as a percentage of turns spent in the entire game.
 B = Non-inter-level travel turns spent in this place as a percentage of non-inter-level travel turns spent in the entire game.
 C = Inter-level travel turns spent in this place as a percentage of turns spent in this place.
 D = Turns resting spent in this place as a percentage of non-inter-level travel turns spent in this place.
 E = Turns spent auto-exploring this place as a percentage of non-inter-level travel turns spent in this place.
 F = Non-inter-level travel turns spent in this place divided by the number of levels of this place that you've seen.
                   A       B       C       D       E      F
               +-------+-------+-------+-------+-------+----------------------
         Total | 100.0 | 100.0 |   0.6 |   4.0 |  11.5 | 207.8
       Dungeon |  98.9 |  98.9 |   0.6 |   4.1 |  11.2 | 228.4
        Temple |   1.1 |   1.1 |   4.3 |   0.0 |  40.9 |  22.0
               +-------+-------+-------+-------+-------+----------------------

Table legend:
 A = Kills in this place as a percentage of kills in entire the game.
 B = Kills by you in this place as a percentage of kills by you in the entire game.
 C = Kills by friends in this place as a percentage of kills by friends in the entire game.
 D = Other kills in this place as a percentage of other kills in the entire game.
 E = Experience gained in this place as a percentage of experience gained in the entire game.
 F = Experience gained in this place divided by the number of levels of this place that you have seen.
                   A       B       C       D       E      F
               +-------+-------+-------+-------+-------+----------------------
         Total | 100.0 | 100.0 |  -nan |  -nan | 100.0 | 387.0
       Dungeon | 100.0 | 100.0 |  -nan |  -nan | 100.0 | 430.0
               +-------+-------+-------+-------+-------+----------------------
